General information
- name: BNet
- type: Ladder team game (AT/RT)
- host: Battle.net
- saver: Goodmanners
map: Slalom
- players: 8
- length: 60:43
- speed: Fast
- version: 1.21 W3XP
- replay type: Public
» download(382 KB)
Players
team 1 (loser)
buldo1 (
red | 18 APM | 1055 actions | 59:22)
5 Blood Mage
1 Banish
2 Siphon Mana
1 Flame Strike
1 Summon Phoenix
» actions
| Basic commands | 1 | |
| Build / train | 73 | |
| Enter build submenu | 35 | |
| Enter hero's abilities submenu | 5 | |
| Remove unit from queue | 4 | |
| Right click | 534 | |
| Select / deselect | 310 | |
| Use ability | 93 | |
1055 total
» units
| Peasant | 10 | |
| Sorceress | 5 | |
| Mortar Team | 12 | |
| Siege Engine | 3 | |
30 total
» upgrades
| Sorceress Training | 1 | |
| Fragmentation Shards | 1 | |
| Flare | 1 | |
| Barrage | 1 | |
4 total
» buildings
| Farm | 12 | |
| Altar of Kings | 1 | |
| Keep | 1 | |
| Castle | 1 | |
| Blacksmith | 1 | |
| Arcane Sanctum | 2 | |
| Workshop | 3 | |
| Scout Tower | 4 | |
| Lumber Mill | 1 | |
| Guard Tower | 10 | |
| Arcane Vault | 6 | |
| Town Hall | 1 | |
43 total
» build order
00:27 Farm
00:42 Altar of Kings
01:07 Farm
01:47 Farm
02:22 Keep
02:31 Farm
03:39 Farm
04:28 Farm
04:56 Castle
05:02 Blacksmith
05:07 Arcane Sanctum
05:11 Arcane Sanctum
05:25 Farm
05:29 Farm
06:17 Workshop
06:50 Scout Tower
07:44 Farm
08:30 Farm
08:58 Workshop
09:13 Lumber Mill
09:59 Workshop
10:02 Farm
10:16 Guard Tower
11:37 Farm
11:40 Scout Tower
12:41 Guard Tower
12:45 Scout Tower
12:51 Scout Tower
14:50 Guard Tower
15:49 Arcane Vault
16:01 Arcane Vault
16:06 Arcane Vault
16:58 Arcane Vault
17:26 Arcane Vault
18:34 Guard Tower
18:38 Guard Tower
18:52 Arcane Vault
19:17 Guard Tower
19:20 Guard Tower
19:24 Guard Tower
20:24 Guard Tower
20:44 Guard Tower
30:10 Town Hall
» items
dabe8888 (
yellow | 41 APM | 2460 actions | 60:41)
2 Blademaster
1 Mirror Image
1 Wind Walk
4 Far Seer
2 Feral Spirit
2 Far Sight
» actions
| Basic commands | 17 | |
| Build / train | 53 | |
| Enter build submenu | 30 | |
| Enter hero's abilities submenu | 6 | |
| Give item / drop item | 10 | |
| Remove unit from queue | 1 | |
| Right click | 1967 | |
| Select / deselect | 308 | |
| Use ability | 67 | |
2460 total
» units
| Peon | 14 | |
| Grunt | 6 | |
| Demolisher | 9 | |
| Wind Rider | 7 | |
| Troll Headhunter/Berserker | 1 | |
37 total
» upgrades
| Burning Oil | 1 | |
| Reinforced Defenses | 1 | |
| Spiked Barricades | 1 | |
3 total
» buildings
| Orc Burrow | 8 | |
| Altar of Storms | 1 | |
| Barracks | 2 | |
| War Mill | 1 | |
| Stronghold | 1 | |
| Watch Tower | 11 | |
| Fortress | 1 | |
| Beastiary | 2 | |
| Voodoo Lounge | 1 | |
28 total
» build order
00:08 Orc Burrow
00:13 Altar of Storms
01:10 Barracks
01:26 War Mill
01:41 Orc Burrow
04:50 Stronghold
05:16 Orc Burrow
07:00 Watch Tower
07:27 Barracks
07:37 Fortress
10:09 Orc Burrow
10:25 Orc Burrow
10:53 Watch Tower
12:10 Beastiary
12:47 Beastiary
13:26 Watch Tower
13:49 Voodoo Lounge
15:04 Orc Burrow
15:28 Watch Tower
15:50 Orc Burrow
15:54 Orc Burrow
17:34 Watch Tower
17:48 Watch Tower
19:08 Watch Tower
19:25 Watch Tower
20:01 Watch Tower
22:16 Watch Tower
22:34 Watch Tower
Varamir (
purple | 23 APM | 1392 actions | 59:42)
5 Archmage
3 Summon Water Elemental
2 Blizzard
» actions
| Basic commands | 14 | |
| Build / train | 84 | |
| Enter build submenu | 32 | |
| Enter hero's abilities submenu | 5 | |
| Remove unit from queue | 6 | |
| Right click | 664 | |
| Select / deselect | 511 | |
| Use ability | 76 | |
1392 total
» units
| Peasant | 6 | |
| Rifleman | 32 | |
| Siege Engine | 20 | |
58 total
» upgrades
| Barrage | 1 | |
| Gunpowder | 3 | |
| Long Rifles | 1 | |
| Magic Sentry | 1 | |
6 total
» buildings
| Barracks | 1 | |
| Farm | 15 | |
| Altar of Kings | 1 | |
| Blacksmith | 1 | |
| Scout Tower | 7 | |
| Keep | 1 | |
| Arcane Tower | 5 | |
| Workshop | 1 | |
| Castle | 1 | |
| Lumber Mill | 1 | |
| Guard Tower | 1 | |
| Arcane Sanctum | 1 | |
| Cannon Tower | 0 | |
36 total
» build order
00:07 Barracks
00:10 Farm
00:15 Altar of Kings
01:29 Farm
01:51 Blacksmith
02:17 Farm
04:08 Scout Tower
04:33 Keep
05:37 Arcane Tower
05:42 Scout Tower
06:31 Arcane Tower
07:11 Workshop
07:32 Farm
08:13 Castle
08:21 Farm
09:05 Lumber Mill
09:29 Scout Tower
10:32 Farm
10:36 Guard Tower
12:48 Arcane Sanctum
13:46 Farm
15:12 Farm
15:53 Farm
16:42 Scout Tower
16:45 Scout Tower
18:12 Arcane Tower
18:19 Farm
19:53 Scout Tower
20:41 Cannon Tower
22:11 Farm
23:49 Farm
25:27 Farm
26:39 Farm
28:19 Farm
31:56 Arcane Tower
32:11 Scout Tower
34:28 Arcane Tower
warlock44 (
blue | 44 APM | 2602 actions | 59:29)
5 Demon Hunter
3 Immolation
2 Evasion
5 Keeper of the Grove
2 Entangling Roots
3 Force of Nature
» actions
| Basic commands | 42 | |
| Build / train | 108 | |
| Enter build submenu | 13 | |
| Enter hero's abilities submenu | 10 | |
| Remove unit from queue | 24 | |
| Right click | 1768 | |
| Select / deselect | 522 | |
| Use ability | 115 | |
2602 total
» units
| Wisp | 16 | |
| Archer | 12 | |
| Huntress | 4 | |
| Glaive Thrower | 13 | |
| Hippogryph | 14 | |
59 total
» upgrades
| Sentinel | 1 | |
| Strength of the Moon | 2 | |
| Hippogryph Taming | 1 | |
| Strength of the Wild | 1 | |
| Reinforced Hides | 1 | |
| Moon Armor | 1 | |
| Marksmanship | 1 | |
| Improved Bows | 1 | |
| Ultravision | 1 | |
| Nature's Blessing | 1 | |
11 total
» buildings
| Altar of Elders | 1 | |
| Ancient of War | 2 | |
| Moon Well | 12 | |
| Hunter's Hall | 1 | |
| Tree of Ages | 1 | |
| Tree of Eternity | 1 | |
| Ancient of Wind | 1 | |
19 total
» build order
00:07 Altar of Elders
00:10 Ancient of War
00:13 Moon Well
02:15 Moon Well
02:44 Moon Well
03:40 Hunter's Hall
04:29 Moon Well
05:24 Tree of Ages
09:51 Tree of Eternity
10:07 Ancient of War
10:38 Ancient of Wind
14:00 Moon Well
14:00 Moon Well
14:02 Moon Well
14:02 Moon Well
15:39 Moon Well
16:15 Moon Well
16:16 Moon Well
16:17 Moon Well
team 2 (winner)
BEAR_AND (
teal | 70 APM | 4258 actions | 60:42)
4 Archmage
2 Blizzard
2 Brilliance Aura
4 Mountain King
2 Storm Bolt
2 Bash
4 Paladin
2 Holy Light
2 Divine Shield
» actions
| Assign group hotkey | 9 | |
| Basic commands | 27 | |
| Build / train | 172 | |
| Enter build submenu | 76 | |
| Enter hero's abilities submenu | 13 | |
| Give item / drop item | 26 | |
| Remove unit from queue | 6 | |
| Right click | 2291 | |
| Select / deselect | 808 | |
| Select group hotkey | 457 | |
| Use ability | 370 | |
4258 total
» units
| Peasant | 26 | |
| Priest | 3 | |
| Gryphon Rider | 4 | |
33 total
» upgrades
| Masonry | 3 | |
| Lumber Harvesting | 2 | |
| Magic Sentry | 1 | |
| Priest Training | 2 | |
| Backpack | 1 | |
| Sorceress Training | 1 | |
| Storm Hammers | 1 | |
| Swords | 3 | |
| Armor | 3 | |
| Animal War Training | 1 | |
18 total
» buildings
| Lumber Mill | 2 | |
| Farm | 11 | |
| Altar of Kings | 1 | |
| Scout Tower | 197 | |
| Guard Tower | 72 | |
| Keep | 2 | |
| Castle | 1 | |
| Arcane Sanctum | 1 | |
| Town Hall | 4 | |
| Arcane Vault | 2 | |
| Gryphon Aviary | 6 | |
| Blacksmith | 1 | |
| Barracks | 1 | |
301 total
» build order
00:59 Lumber Mill
01:13 Farm
01:52 Altar of Kings
01:56 Farm
02:04 Scout Tower
02:08 Scout Tower
02:35 Guard Tower
02:37 Scout Tower
02:39 Scout Tower
02:43 Guard Tower
02:48 Scout Tower
03:09 Guard Tower
03:11 Scout Tower
03:16 Guard Tower
03:33 Guard Tower
03:36 Scout Tower
03:45 Guard Tower
03:45 Guard Tower
03:45 Guard Tower
03:55 Lumber Mill
04:17 Guard Tower
04:23 Keep
04:23 Keep
04:51 Scout Tower
04:54 Scout Tower
04:57 Scout Tower
05:04 Scout Tower
05:05 Scout Tower
05:06 Scout Tower
05:07 Scout Tower
05:08 Scout Tower
05:09 Scout Tower
05:12 Scout Tower
05:13 Scout Tower
05:20 Scout Tower
05:24 Scout Tower
05:24 Guard Tower
05:25 Scout Tower
05:31 Guard Tower
05:41 Guard Tower
05:45 Farm
05:46 Farm
05:48 Farm
05:53 Guard Tower
05:55 Guard Tower
05:57 Guard Tower
06:00 Scout Tower
06:08 Scout Tower
06:09 Scout Tower
06:11 Scout Tower
06:12 Scout Tower
06:12 Scout Tower
06:18 Scout Tower
06:28 Guard Tower
06:29 Guard Tower
06:45 Guard Tower
06:46 Guard Tower
07:06 Castle
07:07 Guard Tower
07:07 Guard Tower
07:35 Arcane Sanctum
07:51 Guard Tower
07:55 Guard Tower
08:02 Guard Tower
08:40 Guard Tower
09:25 Town Hall
10:17 Scout Tower
10:18 Scout Tower
10:18 Scout Tower
10:26 Scout Tower
10:27 Scout Tower
10:30 Scout Tower
10:44 Guard Tower
11:17 Guard Tower
11:21 Guard Tower
11:46 Scout Tower
11:47 Scout Tower
11:48 Scout Tower
11:49 Scout Tower
11:50 Scout Tower
11:52 Scout Tower
11:53 Scout Tower
11:53 Scout Tower
12:13 Arcane Vault
12:17 Arcane Vault
12:37 Scout Tower
12:37 Scout Tower
12:38 Scout Tower
12:39 Scout Tower
12:45 Scout Tower
12:46 Scout Tower
12:46 Scout Tower
12:47 Scout Tower
12:49 Guard Tower
13:00 Guard Tower
13:09 Guard Tower
13:34 Scout Tower
13:35 Scout Tower
13:35 Scout Tower
13:37 Scout Tower
13:38 Scout Tower
13:39 Scout Tower
14:28 Guard Tower
14:30 Guard Tower
14:33 Scout Tower
14:34 Scout Tower
14:34 Scout Tower
14:49 Guard Tower
14:52 Scout Tower
14:53 Scout Tower
14:53 Scout Tower
15:13 Guard Tower
15:14 Guard Tower
15:17 Scout Tower
15:18 Scout Tower
15:19 Scout Tower
15:19 Scout Tower
15:20 Scout Tower
15:21 Scout Tower
15:22 Scout Tower
15:23 Scout Tower
16:02 Guard Tower
16:02 Guard Tower
16:03 Guard Tower
16:08 Town Hall
16:44 Guard Tower
17:44 Town Hall
17:47 Guard Tower
19:09 Guard Tower
19:12 Guard Tower
19:59 Guard Tower
20:06 Guard Tower
25:38 Scout Tower
25:39 Scout Tower
25:40 Scout Tower
25:41 Scout Tower
25:42 Scout Tower
25:43 Scout Tower
25:44 Scout Tower
25:44 Scout Tower
25:45 Scout Tower
25:45 Scout Tower
25:46 Scout Tower
25:47 Scout Tower
25:48 Scout Tower
25:48 Scout Tower
26:26 Guard Tower
26:29 Guard Tower
27:31 Guard Tower
27:34 Scout Tower
27:34 Scout Tower
27:36 Scout Tower
27:36 Scout Tower
29:24 Guard Tower
29:28 Town Hall
29:51 Scout Tower
29:53 Scout Tower
29:53 Scout Tower
29:54 Scout Tower
30:42 Scout Tower
30:43 Scout Tower
30:45 Scout Tower
30:45 Scout Tower
31:39 Guard Tower
31:42 Guard Tower
31:43 Scout Tower
31:43 Scout Tower
31:45 Scout Tower
31:45 Scout Tower
32:09 Guard Tower
32:11 Scout Tower
32:12 Scout Tower
32:12 Scout Tower
32:26 Guard Tower
35:01 Guard Tower
35:02 Guard Tower
35:12 Scout Tower
35:13 Scout Tower
35:14 Scout Tower
35:14 Scout Tower
35:15 Scout Tower
35:17 Scout Tower
35:18 Scout Tower
35:18 Scout Tower
35:19 Scout Tower
35:20 Scout Tower
35:21 Scout Tower
35:22 Scout Tower
35:29 Scout Tower
35:29 Scout Tower
35:30 Scout Tower
35:31 Scout Tower
35:32 Scout Tower
35:33 Scout Tower
35:36 Scout Tower
35:37 Scout Tower
35:38 Scout Tower
35:39 Scout Tower
35:52 Gryphon Aviary
35:53 Gryphon Aviary
35:54 Gryphon Aviary
35:55 Gryphon Aviary
35:56 Gryphon Aviary
35:58 Gryphon Aviary
36:07 Blacksmith
36:36 Guard Tower
36:59 Barracks
37:06 Guard Tower
37:15 Scout Tower
37:16 Scout Tower
37:17 Scout Tower
37:20 Scout Tower
37:21 Scout Tower
37:21 Scout Tower
37:25 Guard Tower
37:35 Farm
37:35 Farm
37:36 Farm
37:36 Farm
37:37 Farm
37:37 Farm
38:16 Scout Tower
38:21 Scout Tower
38:22 Scout Tower
38:23 Scout Tower
38:23 Scout Tower
38:24 Scout Tower
38:26 Scout Tower
38:27 Scout Tower
38:28 Scout Tower
38:30 Scout Tower
38:33 Scout Tower
38:33 Scout Tower
38:34 Scout Tower
38:35 Scout Tower
38:36 Scout Tower
38:37 Scout Tower
38:37 Scout Tower
38:39 Scout Tower
39:41 Guard Tower
40:14 Guard Tower
40:18 Guard Tower
40:21 Guard Tower
40:56 Guard Tower
43:01 Scout Tower
43:02 Scout Tower
43:03 Scout Tower
43:04 Scout Tower
43:05 Scout Tower
43:07 Scout Tower
43:08 Scout Tower
43:09 Scout Tower
43:09 Scout Tower
43:10 Scout Tower
43:10 Scout Tower
43:12 Scout Tower
43:14 Scout Tower
43:14 Scout Tower
43:15 Scout Tower
43:16 Scout Tower
43:17 Scout Tower
43:18 Scout Tower
43:19 Scout Tower
43:19 Scout Tower
43:20 Scout Tower
43:22 Scout Tower
43:22 Scout Tower
43:23 Scout Tower
43:24 Scout Tower
43:24 Scout Tower
43:25 Scout Tower
43:25 Scout Tower
43:26 Scout Tower
43:26 Scout Tower
43:28 Scout Tower
43:29 Scout Tower
43:29 Scout Tower
43:30 Scout Tower
43:30 Scout Tower
43:31 Scout Tower
43:32 Scout Tower
43:32 Scout Tower
43:33 Scout Tower
43:35 Guard Tower
43:36 Guard Tower
44:03 Guard Tower
44:08 Guard Tower
44:53 Guard Tower
44:56 Scout Tower
44:59 Scout Tower
46:05 Guard Tower
46:07 Scout Tower
46:49 Scout Tower
46:50 Scout Tower
46:52 Scout Tower
47:19 Guard Tower
47:26 Scout Tower
47:28 Guard Tower
48:08 Scout Tower
48:10 Scout Tower
» items
| Healing Salve | 1 | |
| Lesser Clarity Potion | 1 | |
| Staff of Sanctuary | 3 | |
| Orb of Lightning | 3 | |
| Boots of Speed | 3 | |
| Staff of Teleportation | 3 | |
| Scroll of Town Portal | 4 | |
| Orb of Fire | 1 | |
19 total

»
Goodmanners (
green | 55 APM | 3363 actions | 60:43)
3 Beastmaster
1 Summon Quilbeast
2 Summon Hawk
» actions
| Assign group hotkey | 149 | |
| Basic commands | 1 | |
| Build / train | 83 | |
| Enter build submenu | 42 | |
| Enter hero's abilities submenu | 3 | |
| Give item / drop item | 3 | |
| Right click | 2067 | |
| Select / deselect | 766 | |
| Select group hotkey | 6 | |
| Use ability | 235 | |
3363 total
» units
» upgrades
| Nature's Blessing | 1 | |
| Well Spring | 1 | |
| Ultravision | 1 | |
| Strength of the Wild | 3 | |
| Reinforced Hides | 2 | |
| Druid of the Talon Training | 1 | |
| Hippogryph Taming | 1 | |
10 total
» buildings
| Moon Well | 26 | |
| Altar of Elders | 3 | |
| Tree of Life | 2 | |
| Tree of Ages | 1 | |
| Tree of Eternity | 1 | |
| Hunter's Hall | 2 | |
| Ancient of Wind | 2 | |
| Ancient of Wonders | 1 | |
| Chimaera Roost | 3 | |
| Ancient of War | 2 | |
43 total
» build order
00:10 Moon Well
01:53 Altar of Elders
02:53 Moon Well
03:11 Moon Well
03:19 Moon Well
04:41 Moon Well
05:15 Altar of Elders
05:17 Altar of Elders
06:25 Tree of Life
06:44 Moon Well
07:33 Tree of Ages
08:12 Moon Well
08:14 Moon Well
12:16 Moon Well
12:17 Moon Well
12:19 Moon Well
12:20 Moon Well
12:50 Tree of Eternity
13:09 Hunter's Hall
13:11 Ancient of Wind
14:33 Ancient of Wonders
15:41 Moon Well
15:43 Moon Well
15:45 Moon Well
15:46 Moon Well
17:11 Moon Well
17:12 Moon Well
17:13 Moon Well
17:21 Moon Well
17:22 Moon Well
17:23 Moon Well
24:02 Tree of Life
30:25 Ancient of Wind
30:28 Chimaera Roost
30:29 Chimaera Roost
30:30 Chimaera Roost
30:36 Hunter's Hall
35:20 Ancient of War
35:21 Ancient of War
55:24 Moon Well
55:25 Moon Well
55:26 Moon Well
55:26 Moon Well
» items
| Healing Salve | 1 | |
| Scroll of Town Portal | 2 | |
3 total
Mata. (
pink | 72 APM | 4360 actions | 60:42)
4 Pandaren Brewmaster
2 Breath of Fire
2 Drunken Brawler
3 Tauren Chieftain
2 Shockwave
1 Endurance Aura
» actions
| Assign group hotkey | 225 | |
| Basic commands | 24 | |
| Build / train | 103 | |
| ESC pressed | 7 | |
| Enter build submenu | 143 | |
| Enter hero's abilities submenu | 7 | |
| Give item / drop item | 13 | |
| Remove unit from queue | 11 | |
| Right click | 2208 | |
| Select / deselect | 776 | |
| Select group hotkey | 504 | |
| Use ability | 332 | |
4360 total
» units
| Peon | 14 | |
| Troll Batrider | 9 | |
| Troll Witch Doctor | 2 | |
| Shaman | 2 | |
| Spirit Walker | 1 | |
| Wind Rider | 3 | |
| Tauren | 2 | |
33 total
» upgrades
| Spiked Barricades | 3 | |
| Reinforced Defenses | 1 | |
| Liquid Fire | 1 | |
| Armor | 3 | |
| Melee Weapons | 3 | |
| Pulverize | 1 | |
| Ranged Weapons | 3 | |
| Shaman Training | 2 | |
| Spirit Walker Training | 2 | |
| Witch Doctor Training | 2 | |
| Envenomed Spears | 1 | |
22 total
» buildings
| War Mill | 1 | |
| Orc Burrow | 8 | |
| Altar of Storms | 1 | |
| Watch Tower | 173 | |
| Voodoo Lounge | 2 | |
| Stronghold | 2 | |
| Fortress | 3 | |
| Beastiary | 2 | |
| Great Hall | 1 | |
| Tauren Totem | 2 | |
| Spirit Lodge | 2 | |
197 total
» build order
00:04 War Mill
00:25 Orc Burrow
00:59 Altar of Storms
02:00 Watch Tower
02:01 Watch Tower
02:37 Watch Tower
02:38 Watch Tower
02:45 Orc Burrow
03:18 Watch Tower
03:18 Watch Tower
03:48 Voodoo Lounge
03:56 Stronghold
03:57 Stronghold
04:41 Watch Tower
04:42 Watch Tower
04:56 Watch Tower
06:21 Fortress
06:25 Beastiary
06:41 Beastiary
06:56 Watch Tower
06:59 Watch Tower
08:11 Watch Tower
08:12 Watch Tower
08:13 Watch Tower
08:19 Watch Tower
08:40 Voodoo Lounge
09:46 Orc Burrow
09:49 Watch Tower
09:50 Watch Tower
09:51 Watch Tower
10:23 Watch Tower
10:26 Watch Tower
10:28 Watch Tower
10:30 Watch Tower
10:32 Watch Tower
10:33 Watch Tower
10:55 Watch Tower
10:56 Watch Tower
10:58 Watch Tower
11:55 Orc Burrow
12:06 Watch Tower
12:07 Watch Tower
12:12 Watch Tower
12:40 Watch Tower
12:54 Fortress
13:24 Watch Tower
13:25 Watch Tower
13:27 Watch Tower
13:29 Watch Tower
13:31 Watch Tower
13:33 Watch Tower
13:35 Watch Tower
13:37 Watch Tower
13:38 Watch Tower
16:16 Watch Tower
16:25 Watch Tower
16:26 Watch Tower
17:36 Watch Tower
17:37 Watch Tower
17:39 Watch Tower
17:42 Watch Tower
17:44 Watch Tower
17:46 Watch Tower
17:47 Watch Tower
17:48 Watch Tower
17:50 Watch Tower
17:51 Watch Tower
17:52 Watch Tower
17:52 Watch Tower
17:53 Watch Tower
20:56 Watch Tower
21:05 Watch Tower
21:45 Watch Tower
21:46 Watch Tower
21:48 Watch Tower
21:49 Watch Tower
21:50 Watch Tower
21:51 Watch Tower
21:52 Watch Tower
21:54 Watch Tower
21:57 Watch Tower
21:58 Watch Tower
21:59 Watch Tower
22:00 Watch Tower
22:00 Watch Tower
22:01 Watch Tower
22:03 Watch Tower
22:03 Watch Tower
22:04 Watch Tower
22:05 Watch Tower
22:06 Watch Tower
22:13 Watch Tower
22:44 Watch Tower
22:45 Watch Tower
22:46 Watch Tower
22:46 Watch Tower
22:47 Watch Tower
22:47 Watch Tower
22:49 Watch Tower
22:49 Watch Tower
22:51 Watch Tower
22:51 Watch Tower
22:55 Watch Tower
22:56 Watch Tower
22:57 Watch Tower
22:57 Watch Tower
23:02 Watch Tower
23:11 Watch Tower
23:12 Watch Tower
23:12 Watch Tower
23:13 Watch Tower
23:14 Watch Tower
23:15 Watch Tower
23:16 Watch Tower
23:16 Watch Tower
23:18 Watch Tower
23:18 Watch Tower
23:20 Watch Tower
23:22 Watch Tower
23:23 Watch Tower
23:23 Watch Tower
23:24 Watch Tower
23:25 Watch Tower
23:26 Watch Tower
23:41 Watch Tower
23:43 Watch Tower
23:48 Watch Tower
23:49 Watch Tower
23:50 Watch Tower
23:50 Watch Tower
23:52 Watch Tower
23:53 Watch Tower
25:37 Great Hall
25:43 Watch Tower
25:43 Watch Tower
29:27 Watch Tower
29:27 Watch Tower
29:31 Watch Tower
29:32 Watch Tower
29:33 Watch Tower
29:34 Watch Tower
29:36 Watch Tower
29:37 Watch Tower
29:38 Watch Tower
29:39 Watch Tower
30:50 Watch Tower
30:52 Watch Tower
30:53 Watch Tower
30:55 Watch Tower
30:56 Watch Tower
30:57 Watch Tower
30:58 Watch Tower
33:33 Watch Tower
34:28 Watch Tower
34:29 Watch Tower
34:30 Watch Tower
34:31 Watch Tower
34:33 Watch Tower
34:34 Watch Tower
34:35 Watch Tower
34:36 Watch Tower
34:37 Watch Tower
34:38 Watch Tower
34:38 Watch Tower
34:39 Watch Tower
34:40 Watch Tower
34:42 Watch Tower
34:43 Watch Tower
34:43 Watch Tower
34:44 Watch Tower
34:45 Watch Tower
34:45 Watch Tower
34:46 Watch Tower
34:47 Watch Tower
34:48 Watch Tower
34:48 Watch Tower
35:46 Tauren Totem
36:04 Tauren Totem
37:16 Spirit Lodge
37:17 Spirit Lodge
38:34 Watch Tower
38:35 Watch Tower
38:38 Watch Tower
38:40 Watch Tower
38:40 Watch Tower
38:42 Watch Tower
38:43 Watch Tower
38:44 Watch Tower
38:45 Watch Tower
38:46 Watch Tower
38:48 Watch Tower
38:51 Watch Tower
40:42 Orc Burrow
40:43 Orc Burrow
40:44 Orc Burrow
40:48 Orc Burrow
» items
| Healing Salve | 2 | |
| Lesser Clarity Potion | 3 | |
| Boots of Speed | 2 | |
| Staff of Teleportation | 2 | |
| Orb of Lightning | 2 | |
11 total

»
WWW.HIGHPER.CH (
orange | 41 APM | 2509 actions | 60:42)
4 Blademaster
2 Wind Walk
2 Critical Strike
» actions
| Assign group hotkey | 17 | |
| Basic commands | 52 | |
| Build / train | 65 | |
| ESC pressed | 1 | |
| Enter build submenu | 233 | |
| Enter hero's abilities submenu | 4 | |
| Give item / drop item | 11 | |
| Right click | 1077 | |
| Select / deselect | 380 | |
| Select group hotkey | 330 | |
| Use ability | 339 | |
2509 total
» units
| Peon | 22 | |
| Troll Batrider | 6 | |
| Wind Rider | 8 | |
36 total
» upgrades
| Reinforced Defenses | 1 | |
| Spiked Barricades | 1 | |
| Ranged Weapons | 2 | |
| Armor | 2 | |
| Envenomed Spears | 1 | |
7 total
» buildings
| War Mill | 2 | |
| Altar of Storms | 1 | |
| Orc Burrow | 9 | |
| Watch Tower | 230 | |
| Stronghold | 1 | |
| Great Hall | 2 | |
| Voodoo Lounge | 2 | |
| Beastiary | 8 | |
| Fortress | 1 | |
256 total
» build order
00:07 War Mill
00:25 Altar of Storms
00:51 Orc Burrow
02:12 Watch Tower
02:13 Watch Tower
02:32 Watch Tower
03:16 Watch Tower
03:19 Watch Tower
03:31 Watch Tower
03:47 Orc Burrow
04:15 Stronghold
04:39 Watch Tower
04:40 Watch Tower
04:58 Watch Tower
06:04 Great Hall
06:11 Orc Burrow
06:16 Voodoo Lounge
06:34 Watch Tower
06:56 Beastiary
07:07 Watch Tower
07:09 Watch Tower
07:25 Watch Tower
07:53 Watch Tower
08:15 Beastiary
08:34 Watch Tower
09:02 Watch Tower
09:41 Fortress
09:44 Watch Tower
10:02 Watch Tower
10:14 Watch Tower
10:17 Watch Tower
10:18 Watch Tower
10:21 Watch Tower
11:02 Watch Tower
11:05 Watch Tower
11:06 Watch Tower
11:07 Watch Tower
11:18 Watch Tower
11:21 Watch Tower
11:30 Watch Tower
11:31 Watch Tower
11:40 War Mill
12:29 Watch Tower
12:38 Watch Tower
13:14 Watch Tower
13:37 Voodoo Lounge
13:45 Watch Tower
13:53 Watch Tower
14:24 Watch Tower
14:26 Watch Tower
14:42 Watch Tower
14:48 Watch Tower
14:51 Watch Tower
14:53 Watch Tower
15:18 Watch Tower
16:02 Watch Tower
16:07 Watch Tower
17:16 Watch Tower
17:27 Watch Tower
17:41 Watch Tower
17:52 Watch Tower
17:53 Watch Tower
17:55 Watch Tower
17:56 Watch Tower
18:54 Watch Tower
20:09 Watch Tower
20:10 Watch Tower
20:25 Watch Tower
20:30 Watch Tower
21:34 Watch Tower
21:40 Watch Tower
22:32 Watch Tower
22:32 Watch Tower
22:33 Watch Tower
22:34 Watch Tower
22:35 Watch Tower
22:36 Watch Tower
22:40 Watch Tower
22:41 Watch Tower
22:42 Watch Tower
22:43 Watch Tower
22:44 Watch Tower
22:45 Watch Tower
22:59 Watch Tower
23:01 Watch Tower
23:06 Watch Tower
23:21 Great Hall
24:56 Watch Tower
25:40 Watch Tower
25:51 Watch Tower
25:51 Watch Tower
26:06 Watch Tower
26:18 Watch Tower
26:19 Watch Tower
26:20 Watch Tower
26:22 Watch Tower
26:23 Watch Tower
26:52 Watch Tower
27:06 Watch Tower
27:06 Watch Tower
27:08 Watch Tower
27:11 Watch Tower
27:28 Watch Tower
27:44 Watch Tower
28:07 Watch Tower
28:16 Watch Tower
28:17 Watch Tower
28:18 Watch Tower
28:20 Watch Tower
28:21 Watch Tower
28:29 Watch Tower
28:30 Watch Tower
28:36 Watch Tower
28:38 Watch Tower
28:56 Watch Tower
29:00 Watch Tower
29:01 Watch Tower
29:08 Watch Tower
29:10 Watch Tower
29:12 Watch Tower
29:30 Watch Tower
29:30 Watch Tower
29:31 Watch Tower
29:31 Watch Tower
29:35 Watch Tower
30:05 Watch Tower
30:06 Watch Tower
30:06 Watch Tower
30:18 Watch Tower
30:23 Watch Tower
30:25 Watch Tower
30:38 Watch Tower
30:39 Watch Tower
30:41 Watch Tower
30:50 Watch Tower
30:51 Watch Tower
31:13 Watch Tower
31:14 Watch Tower
31:15 Watch Tower
31:37 Watch Tower
31:44 Watch Tower
31:45 Watch Tower
31:47 Watch Tower
31:57 Watch Tower
31:58 Watch Tower
31:58 Watch Tower
32:23 Watch Tower
32:24 Watch Tower
32:24 Watch Tower
32:29 Watch Tower
32:30 Watch Tower
32:44 Watch Tower
32:50 Watch Tower
32:57 Watch Tower
32:59 Watch Tower
34:11 Watch Tower
34:12 Watch Tower
34:19 Watch Tower
34:20 Watch Tower
34:21 Watch Tower
34:21 Watch Tower
34:22 Watch Tower
34:23 Watch Tower
34:26 Watch Tower
34:27 Watch Tower
34:28 Watch Tower
34:30 Watch Tower
34:31 Watch Tower
34:31 Watch Tower
34:41 Watch Tower
35:34 Watch Tower
35:35 Watch Tower
35:37 Watch Tower
35:39 Watch Tower
35:41 Watch Tower
35:42 Watch Tower
35:44 Watch Tower
35:46 Watch Tower
35:49 Watch Tower
35:50 Watch Tower
35:52 Watch Tower
35:53 Watch Tower
35:56 Watch Tower
36:35 Watch Tower
36:36 Watch Tower
36:37 Watch Tower
36:37 Watch Tower
36:38 Watch Tower
36:39 Watch Tower
36:39 Watch Tower
36:40 Watch Tower
36:41 Watch Tower
36:42 Watch Tower
36:43 Watch Tower
36:44 Watch Tower
36:56 Watch Tower
36:58 Watch Tower
37:06 Watch Tower
37:13 Watch Tower
37:15 Watch Tower
38:11 Watch Tower
38:12 Watch Tower
38:13 Watch Tower
38:13 Watch Tower
38:17 Watch Tower
38:18 Watch Tower
38:19 Watch Tower
38:20 Watch Tower
39:12 Watch Tower
39:14 Watch Tower
39:14 Watch Tower
40:22 Watch Tower
40:23 Watch Tower
40:24 Watch Tower
40:25 Watch Tower
40:26 Watch Tower
40:31 Watch Tower
41:17 Beastiary
41:18 Beastiary
41:19 Beastiary
41:20 Beastiary
41:21 Beastiary
41:22 Beastiary
41:33 Orc Burrow
41:34 Orc Burrow
41:35 Orc Burrow
41:36 Orc Burrow
41:41 Orc Burrow
41:42 Orc Burrow
42:11 Watch Tower
42:12 Watch Tower
42:13 Watch Tower
42:15 Watch Tower
42:43 Watch Tower
42:46 Watch Tower
42:47 Watch Tower
42:48 Watch Tower
43:06 Watch Tower
43:07 Watch Tower
43:20 Watch Tower
43:22 Watch Tower
43:23 Watch Tower
43:24 Watch Tower
44:24 Watch Tower
44:25 Watch Tower
44:26 Watch Tower
44:27 Watch Tower
44:28 Watch Tower
44:29 Watch Tower
44:29 Watch Tower
44:30 Watch Tower
44:33 Watch Tower
44:35 Watch Tower
44:36 Watch Tower
44:41 Watch Tower
44:42 Watch Tower
» items
| Staff of Teleportation | 2 | |
| Boots of Speed | 3 | |
| Lesser Clarity Potion | 3 | |
| Healing Salve | 1 | |
| Orb of Lightning | 2 | |
| Scroll of Town Portal | 3 | |
| Tiny Great Hall | 1 | |
15 total
Chat log
(00:13 / Allies) Goodmanners: feeding
(02:38 / All) WWW.HIGHPER.CH: hello
(02:41 / All) WWW.HIGHPER.CH: good luck and haveng fun
(02:47 / All) buldo1: thx
(02:49 / All) buldo1: you too
(02:51 / All) BEAR_AND: FROM?
(02:52 / All) WWW.HIGHPER.CH: from?
(02:57 / All) warlock44: france
(02:57 / All) buldo1: fr
(02:58 / All) warlock44: u?
(03:00 / All) buldo1: you?
(03:00 / All) WWW.HIGHPER.CH: nice
(03:43 / All) warlock44: c des noob
(03:51 / All) WWW.HIGHPER.CH: huh
(05:58 / All) buldo1: mais lol
(06:05 / All) buldo1: jvais en faire de la charpie moi
(06:20 / All) buldo1: nn
(06:21 / All) buldo1: m
(06:32 / All) Goodmanners: mais, lol
(09:34 / All) WWW.HIGHPER.CH: gg
(12:46 / Allies) Goodmanners: technically a gap there
(13:01 / Allies) Goodmanners: we got bat tho
(14:57 / Allies) Goodmanners: hehe they got a little tower wall of they own
(15:07 / All) Goodmanners: nice towers noob
(15:12 / All) Goodmanners: @@ mass more tower
(19:15 / Allies) Goodmanners: haha
(19:57 / All) Goodmanners: yo lets compare range
(19:58 / All) Goodmanners: of orc towers
(20:00 / All) Goodmanners: and hu towers
(20:55 / All) WWW.HIGHPER.CH: Huh
(20:59 / All) BEAR_AND: hey
(21:00 / All) BEAR_AND: gl hf
(21:53 / All) buldo1: :)
(23:06 / Allies) Goodmanners: dont kill their mortars
(24:14 / All) Goodmanners: damn... gg
(24:21 / All) Goodmanners: should have thought of that... cant beat siege with towers...
(28:26 / Allies) Mata.: 100g
(33:03 / All) BEAR_AND: hey
(33:06 / All) BEAR_AND: low on cash???
(33:35 / All) BEAR_AND: for y
(33:38 / All) BEAR_AND: ou
(33:42 / All) BEAR_AND: 4 town portals
(33:53 / All) Goodmanners: sell these for gold
(34:45 / All) Goodmanners: you guys got a long road ahead
(42:04 / All) Goodmanners: woww.... orange big noob.... bats have explode ability!!!
(42:05 / All) WWW.HIGHPER.CH: FUCK
(42:08 / Allies) Goodmanners: blue hasn't sold tps yet
(42:13 / All) Mata.: let me show u how it is done
(42:33 / All) Mata.: FUCK
(42:42 / All) buldo1: HAHAHA
(42:43 / All) buldo1: NOOB
(50:16 / All) BEAR_AND: welcome to the Tertiary Tower Trench
(52:16 / All) WWW.HIGHPER.CH: hallo
(52:55 / All) Goodmanners: How can you even afford that
(59:31 / All) WWW.HIGHPER.CH: dont quit
(59:32 / All) WWW.HIGHPER.CH: no